 Dungeon Crawl Stone Soup version 0.31.0-11-ge490571c62 (webtiles) character file.

Game seed: 2748669548531231378

368 Derpghoster the Ruffian (level 6, 0/39 HPs)
             Began as a Gargoyle Monk on Jan 30, 2024.
             Was a Believer of Nemelex Xobeh.
             Slain by a hound (4 damage)
             ... on level 4 of the Dungeon.
             The game lasted 00:09:47 (2951 turns).

Derpghoster the Ruffian (Gargoyle Monk)             Turns: 2951, Time: 00:09:48

Health: 0/39       AC:  7    Str: 16    XL:     6   Next: 69%
Magic:  6/6        EV: 13    Int: 11    God:    Nemelex Xobeh [**....]
Gold:   88         SH:  0    Dex: 12    Spells: 5/5 levels left

rFire   . .          .
                       - Unarmed
rCold   . . .        c - orb {light}
rNeg    + . .        a - +0 robe
rPois   ∞            m - +0 helmet
rElec   +            (no cloak)
rCorr   .            (no gloves)
SInv    .            (no boots)
Will    .....        (no amulet)
Stlth   +            (no ring)
HPRegen 0.26/turn    (no ring)
MPRegen 0.10/turn

%: no passive effects
@: glowing
A: sickness immunity, AC +4, negative energy resistance 1, electricity
resistance, torment resistance 1, petrification resistance
a: Renounce Religion, Draw Escape, Draw Destruction, Draw Summoning


You were on level 4 of the Dungeon.
You worshipped Nemelex Xobeh.
Nemelex Xobeh was pleased with you.
You visited 1 branch of the dungeon, and saw 4 of its levels.

You collected 88 gold pieces.

Inventory:

Hand Weapons
 i - a +0 sling
Armour
 a - a +0 robe (worn)
 c - an orb of light (worn)
 m - a +0 helmet (worn)
Jewellery
 h - a ring of ice
 q - a ring of magical power
Wands
 b - a wand of paralysis (6)
Scrolls
 e - 4 scrolls of blinking
 l - a scroll of teleportation
 n - a scroll of revelation
 s - a scroll of fog
Potions
 d - a potion of resistance {unknown}
 f - a potion of berserk rage {unknown}
 g - 4 potions of mutation
 j - 3 potions of curing
 k - a potion of haste
 o - a potion of might {unknown}
 t - 2 potions of attraction


   Skills:
 * Level 4.4 Fighting
 * Level 2.1 Armour
 + Level 3.5 Dodging
 + Level 0.3 Stealth
 + Level 5.2 Unarmed Combat
 * Level 1.0 Invocations


You had 5 spell levels left.
You didn't know any spells.
Your spell library was empty.

Dungeon Overview and Level Annotations

Branches:
Dungeon (4/15)
 Temple: D:4-7

Altars:
Dithmenos
Hepliaklqana
Nemelex Xobeh

Shops:
D:3 :


Innate Abilities, Weirdness & Mutations

You are immune to sickness and miasma.
Your stone body is resilient. (AC +4)
You are immune to poison.
You resist negative energy. (rN+)
You are resistant to electric shocks. (rElec)
You are resistant to unholy torment.
You are immune to petrification.


Message History

Beogh smites you!
* * * LOW HITPOINT WARNING * * *
You hit the iguana.
The iguana is heavily wounded.
The iguana closely misses you.
You hit the iguana.
The iguana is heavily wounded.
The iguana bites you but does no damage.
You hit the iguana.
The iguana is heavily wounded.
The iguana bites you!
* * * LOW HITPOINT WARNING * * *
You draw a card...
You have drawn Vitriol.
Press: ? - help, Shift-Dir - straight line, f - orc priest
Aim: an orc priest, wielding a +0 short sword (severely wounded, haloed)
The glob of acid hits the iguana!!!
You kill the iguana!
The orc priest looks satisfied for a moment.
Your Invocations skill increases to level 1!
You draw a card...
You have drawn the Orb.
Press: ? - help, Shift-Dir - straight line, f/p - orc priest
Aim: an orc priest, wielding a +0 short sword (severely wounded, haloed)
Your orb of destruction hits a rock wall. x4
The orc misses you.
You draw a card...
You have drawn Velocity.
The orc priest seems to slow down.
The orc hits you but does no damage.
You hit the orc but do no damage. The orc closely misses you.
You hit the orc.
The orc is heavily wounded.
You barely miss the hound. The hound barely misses you.
You hit the hound.
The hound is moderately wounded.
The hound completely misses you.
You closely miss the hound.
The hound is moderately wounded.
The hound bites you but does no damage. The hound bites you.
You die...
Your body glows slightly brighter and disappears.

...#h#...........
...oo..........$)
#..$.....).
#....)...†.
##........).
###<.#........
#oo.##.#.....)
#h##...#......
#@# .#########
#.# .# #.. ##
####


You could see a hound, an orc priest (slow) and an orc.

Vanquished Creatures
  The ghost of SnakkuSnakku7 the Ducker, a weakling MfAE (D:3)
  A hound (D:4)
  An iguana (D:4)
  3 orc wizards
  8 gnolls (D:4)
  3 adders (D:2)
  3 dart slugs
  2 ribbon worms (D:2)
  6 orcs
  7 ball pythons
  4 bats
  3 endoplasms
  5 giant cockroaches
  4 goblins
  5 hobgoblins
  7 jackals
  7 kobolds
  3 quokkas
  4 frilled lizards
  7 rats
84 creatures vanquished.

Notes
Turn   | Place    | Note
-------+----------+-------------------------------------------
     0 | D:1      | Derpghoster the Gargoyle Monk began the quest for the Orb.
     0 | D:1      | Reached XP level 1. HP: 14/14 MP: 1/1
   188 | D:1      | Reached XP level 2. HP: 17/19 MP: 2/2
   492 | D:1      | Reached XP level 3. HP: 23/23 MP: 3/3
  1289 | D:2      | Reached XP level 4. HP: 27/29 MP: 4/4
  1502 | D:2      | Reached skill level 1 in Armour
  1699 | D:2      | Found the +1 Delatra's gloves {ID++}
  1767 | D:3      | Noticed a shadow
  1767 | D:3      | Found a shadowy altar of Dithmenos.
  1767 | D:3      | Found a hazy altar of Hepliaklqana.
  1779 | D:3      | Reached skill level 4 in Unarmed Combat
  1864 | D:3      | Reached XP level 5. HP: 33/33 MP: 5/5
  1929 | D:3      | Found a sparkling altar of Nemelex Xobeh.
  1992 | D:3      | Found Gaidghur's Book Shoppe.
  2191 | D:3      | Found a large runed translucent door.
  2191 | D:3      | Found a large runed translucent door.
  2193 | D:3      | Noticed SnakkuSnakku7's ghost (weakling MfAE)
  2223 | D:3      | Killed SnakkuSnakku7's ghost
  2837 | D:3      | Became a worshipper of Nemelex Xobeh the Trickster
  2837 | D:3      | Reached * piety under Nemelex Xobeh
  2837 | D:3      | Received a gift from Nemelex Xobeh
  2837 | D:3      | Received a gift from Nemelex Xobeh
  2837 | D:3      | Reached ** piety under Nemelex Xobeh
  2898 | D:4      | Reached XP level 6. HP: 38/38 MP: 6/6
  2929 | D:4      | Reached skill level 5 in Unarmed Combat
  2945 | D:4      | Reached skill level 1 in Invocations
  2951 | D:4      | Slain by a hound

Illustrated notes

Levels and vault maps discovered:
D:1:      lightli_arrival_windingriver, layout_basic,
          ebering_dispersal_statue_hall, kennysheep_boxes
D:2:      layout_basic, st_stairs_8, pf_guarded_unrand_delatra
D:3:      layout_basic, riverfiend_overflow_shadow_ancestor,
          nemelex_diamond_rough_becter, ebering_ghost_disaster_area,
          serial_shops, shop, supply_closet_lemuel
D:4:      layout_rooms, minmay_temple_entry_crystal_x

Skill      XL: |  1  2  3  4  5  6 |
---------------+-------------------+-----
Armour         | 1 2 |  2.1
Dodging        | 3 |  3.5
Unarmed Combat | 4 5 |  5.2
Fighting       | 4 |  4.4
Invocations    | 1 |  1.0
Stealth        | |  0.3

Action                     |  1- 3 |  4- 6 || total
---------------------------+-------+-------++-------
  Melee: Unarmed           |   155 |   155 ||   310
 Invoke: Draw Destruction  |       |     3 ||     3
         Draw Escape       |       |     1 ||     1
    Use: Potion            |     1 |       ||     1
         Scroll            |     5 |     5 ||    10
 Armour: Robe              |   119 |    84 ||   203
  Dodge: Dodged            |   117 |    91 ||   208
